 Dungeon Crawl Stone Soup version 0.17.1-1-g73c8601 (webtiles) character file.

254 JustSomeDude the Insei (level 5, -10/42 HPs)
             Began as a Demonspawn Monk on Dec 25, 2015.
             Was a Believer of Ashenzari.
             Killed by divine providence
             ... invoked by an orc priest
              (15 damage)
             ... on level 4 of the Dungeon.
             The game lasted 00:07:07 (2515 turns).

JustSomeDude the Insei (Demonspawn Monk)            Turns: 2515, Time: 00:07:07

Health: -10/42     AC:  7    Str: 12    XL:     5   Next: 90%
Magic:  5/5        EV:  9    Int: 11    God:    Ashenzari [**....]
Gold:   181        SH:  7    Dex: 16    Spells: 0 memorised, 4 levels left

rFire  . . .     SeeInvis .     d - +2 spear (venom)
rCold  + . .     Clarity  .     h - +0 ring mail {rC+}
rNeg   . . .     SustAt   .     m - +0 shield
rPois  .         Gourm    .     (helmet restricted)
rElec  .         Spirit   .     (no cloak)
rCorr  .         Warding  .     t - +1 pair of gloves
rMut   .         Stasis   .     (no boots)
MR     .....                    (no amulet)
Stlth  +.........               (no ring)
                                (no ring)

@: not resistant to hostile enchantments, very unstealthy
A: antennae 1, claws 1
a: Scrying, Renounce Religion


You were on level 4 of the Dungeon.
You worshipped Ashenzari.
Ashenzari was pleased with you.
You were not hungry.

You visited 1 branch of the dungeon, and saw 4 of its levels.

You collected 181 gold pieces.

Inventory:

Hand Weapons
 d - a +2 spear of venom (weapon)
 s - a +0 hand axe
Armour
 a - a +0 robe
 h - a +0 ring mail of cold resistance (worn)
 m - a +0 shield (worn)
 t - a +1 pair of gloves (worn)
Scrolls
 g - 2 scrolls of blinking {unknown}
 i - a scroll of amnesia {unknown}
 j - 4 scrolls of remove curse
 p - 2 scrolls of enchant armour {unknown}
 r - a scroll of immolation {unknown}
 u - a scroll of magic mapping {unknown}
Potions
 c - 2 potions of curing {unknown}
 e - 3 potions of flight {unknown}
 f - a potion of agility {unknown}
 l - a potion of heal wounds {unknown}
 o - 2 potions of mutation {unknown}
 q - a potion of invisibility {unknown}
Comestibles
 b - 5 bread rations
 k - a meat ration
 n - a slice of pizza


   Skills:
 + Level 3.8 Fighting
 + Level 1.2 Polearms
 + Level 1.6 Armour
 + Level 3.7 Dodging
 + Level 2.1 Stealth
 + Level 0.3 Shields
 + Level 4.7 Unarmed Combat


You had 4 spell levels left.
You didn't know any spells.

Dungeon Overview and Level Annotations

Branches:
Dungeon (4/15)
 Temple: D:4-7

Altars:
Ashenzari
Dithmenos
Fedhas


Innate Abilities, Weirdness & Mutations

You have a pair of small antennae on your head.
You have sharp fingernails.


Message History

The orc priest is healed somewhat.
You hit the orc priest.
The orc priest looks even sicker.
The orc priest is moderately wounded.
The orc wizard hits you but does no damage.
The orc priest hits you but does no damage.
The orc hits you with a war axe!
* * * LOW HITPOINT WARNING * * *
You hit the orc priest.
The orc priest is severely wounded.
The orc wizard misses you.
You hit the orc priest.
The orc priest is almost dead.
You kill the orc priest!
You block the orc's attack.
The orc wizard hits you but does no damage.
Drink which item? (? for menu, Esc to quit)
Okay, then.
The orc priest calls down the wrath of Beogh upon you.
Something smites you!
You die...

#.########... #.# #...
#.# #... *############.#
#... , , .............#
#... ,,
.............########...
,
....................#...
..$.........#########...
,.##.#@....# #... * #
#.o...# #... * * * *
#)o...# #... , , #.....#
#... * , * *
#o....#########... ,
......#.......#... *
,...#+###...(...#'## ,*
*, , .... ..#####..... ,
, .... , , #.....


You could see an orc priest, an orc wizard and an orc.

Vanquished Creatures
  An orc priest (D:4)
  Jessica (D:2)
  An orc wizard (D:3)
  4 gnolls (D:3)
  9 adders
  A worm (D:3)
  A giant gecko (D:1)
  5 orcs (D:3)
  3 ball pythons (D:2)
  4 bats
  3 giant cockroaches
  6 hobgoblins
  A quokka (D:4)
  A giant newt (D:1)
  2 goblins (D:2)
  4 kobolds
  9 rats
  A bush (D:2)
57 creatures vanquished.

Notes
Turn   | Place    | Note
--------------------------------------------------------------
     0 | D:1      | JustSomeDude the Demonspawn Monk began the quest for the Orb.
     0 | D:1      | Reached XP level 1. HP: 18/18 MP: 1/1
   131 | D:1      | Found a shattered altar of Ashenzari.
   241 | D:1      | Became a worshipper of Ashenzari the Shackled
   241 | D:1      | Reached * piety under Ashenzari
   241 | D:1      | Reached ** piety under Ashenzari
   497 | D:1      | Gained mutation: You have a pair of small antennae on your head. [demonic ancestry]
   497 | D:1      | Reached XP level 2. HP: 24/24 MP: 2/2
   758 | D:2      | Noticed Jessica
   767 | D:2      | Reached skill level 4 in Unarmed Combat
   771 | D:2      | Killed Jessica
   771 | D:2      | Gained mutation: You have sharp fingernails. [demonic ancestry]
   771 | D:2      | Reached XP level 3. HP: 29/29 MP: 3/3
   998 | D:2      | Reached skill level 1 in Armour
  1001 | D:2      | Reached XP level 4. HP: 26/35 MP: 4/4
  1399 | D:3      | Found a shadowy altar of Dithmenos.
  1618 | D:3      | Reached XP level 5. HP: 33/41 MP: 5/5
  1866 | D:3      | Found a blossoming altar of Fedhas.
  2015 | D:3      | Reached skill level 1 in Polearms
  2515 | D:4      | Killed from afar by an orc priest

Action                   |  1- 3 |  4- 6 || total
-------------------------+-------+-------++-------
Melee: Spear             |    90 |   106 ||   196
 Stab: Sleeping          |     1 |     1 ||     2
  Eat: Meat ration       |       |     1 ||     1
